 Dungeon Crawl Stone Soup version 0.26.0-16-gc1dbca0489 (webtiles) character file.

Game seed: 2414265132162875425

140 runemasterragnar the Skirmisher (level 5, -3/59 HPs)
             Began as an Ogre Monk on Jan 21, 2021.
             Killed from afar by an orc wizard (6 damage)
             ... with a magic dart
             ... on level 3 of the Dungeon.
             The game lasted 00:04:17 (2608 turns).

runemasterragnar the Skirmisher (Ogre Monk)         Turns: 2608, Time: 00:04:17

Health: -3/59      AC:  4    Str: 15    XL:     5   Next: 22%
Magic:  4/4        EV: 11    Int: 11    God:
Gold:   118        SH:  0    Dex: 12    Spells: 4/4 levels left

rFire    . . .     SeeInvis .   a - +0 hand axe
rCold    . . .     Faith    .   (no shield)
rNeg     . . .     Spirit   .   b - +1 robe
rPois    .         Reflect  .   (helmet restricted)
rElec    .         Harm     .   (no cloak)
rCorr    .         Rampage  .   (gloves unavailable)
Will     .....                  (boots unavailable)
Stlth    ++........             (no amulet)
HPRegen  0.19/turn              (no ring)
MPRegen  0.09/turn              (no ring)

@: lethally poisoned (-3 -> -6), flying
A: large, unfitting armour, blink, low mp 1, tough skin 1, wild magic 1
a: Blink


You were on level 3 of the Dungeon.
You visited 1 branch of the dungeon, and saw 3 of its levels.

You collected 118 gold pieces.

Inventory:

Hand Weapons
 a - a +0 hand axe (weapon)
 i - a +0 hunting sling
Missiles
 j - 23 sling bullets
 l - 3 boomerangs (quivered)
Armour
 b - a +1 robe (worn)
Jewellery
 d - an uncursed amulet of faith
Scrolls
 c - 4 scrolls of identify
 e - a scroll of blinking
 g - a scroll of enchant armour
 h - a scroll of teleportation
 m - a scroll of enchant weapon {unknown}
Potions
 k - a potion of brilliance


   Skills:
 * Level 5.7 Fighting
 + Level 4.1 Axes
 + Level 0.6 Throwing
 + Level 3.3 Dodging
 - Level 1.4 Stealth


You had 4 spell levels left.
You didn't know any spells.
Your spell library was empty.

Dungeon Overview and Level Annotations

Branches:
Dungeon (3/15)

Altars:
Cheibriados


Innate Abilities, Weirdness & Mutations

You are too large for most types of armour.
You have tough skin. (AC +1)
You can translocate small distances at will.
Your magical capacity is low. (-10% MP)
Your spells are a little harder to cast, but a little more powerful.


Message History

You feel sick.
You feel sick. The orc wizard casts a spell at you. The magic dart hits you.
* * * LOW HITPOINT WARNING * * *
* * * LOW HITPOINT WARNING * * *
You feel sick.
* * * LOW HITPOINT WARNING * * *
You feel sick.
* * * LOW HITPOINT WARNING * * *
You feel sick.
* * * LOW HITPOINT WARNING * * *
You feel sick. The orc wizard barely misses you.
* * * LOW HITPOINT WARNING * * *
You feel sick.
The orc wizard points at you and mumbles some strange words.
You resist with some effort. The orc wizard casts a spell at you.
The magic dart hits you.
You die...

,,*#.......####..........##......
,,,,........((......<.......*#...
,,,*#..#####.###........^#####...
,,,*#..* ##o.# #.........####...†
,,**#..###..## #.#####.......<#.#
,,* #......## #.#...,..#######.#
,,* #...#### #...#**.## *#.. ,**
###..### ###..##..# *..[ **
##...####.@.....#* #... *
###....o.####### #... ####..##
#... #### *,,. ***#


You could see an orc wizard (fast).

Vanquished Creatures
  2 orc wizards (D:3)
  2 adders (D:3)
  An ooze (D:2)
  2 dart slugs
  3 orcs (D:3)
  A giant cockroach (D:3)
  8 goblins
  3 hobgoblins
  7 jackals
  2 quokkas (D:3)
  A ball python (D:3)
  7 frilled lizards
  9 kobolds
  8 rats
56 creatures vanquished.

Notes
Turn   | Place    | Note
-------+----------+-------------------------------------------
     0 | D:1      | runemasterragnar the Ogre Monk began the quest for the Orb.
     0 | D:1      | Reached XP level 1. HP: 24/24 MP: 1/1
    51 | D:1      | Reached XP level 2. HP: 20/32 MP: 2/2
   379 | D:1      | Found a snail-covered altar of Cheibriados.
   485 | D:1      | Reached XP level 3. HP: 24/40 MP: 3/3
  1263 | D:2      | Noticed a sky beast
  1359 | D:3      | Reached skill level 5 in Fighting
  1474 | D:3      | Reached XP level 4. HP: 37/50 MP: 4/4
  1545 | D:3      | HP: 1/50 [orc wizard/puff of flame (6)]
  1974 | D:3      | Reached XP level 5. HP: 13/58 MP: 5/5
  2272 | D:3      | Found a faded altar of an unknown god.
  2588 | D:3      | Gained mutation: Your magical capacity is low. (-10% MP)
                  | [potion of mutation]
  2588 | D:3      | Gained mutation: Your spells are a little harder to cast,
                  | but a little more powerful. [potion of mutation]
  2588 | D:3      | Gained mutation: You can translocate small distances at
                  | will. [potion of mutation]
  2608 | D:3      | Killed from afar by an orc wizard

Illustrated notes

Levels and vault maps discovered:
D:1:      ncdulo_halloftheorcs, layout_rooms, cheibriados_altar_1
D:2:      layout_basic, kennysheep_generic_room_12
D:3:      layout_rooms, chequers_ecumenical_altar_simple_redux,
          minmay_crystal_room, kennysheep_generic_room_6

Skill      XL: |  1  2  3  4 |
---------------+-------------+-----
Dodging        | 3 |  3.3
Fighting       | 5 |  5.7
Axes           | 4 |  4.1
Throwing       | |  0.6
Stealth        | |  1.4

Action                   |  1- 3 |  4- 6 || total
-------------------------+-------+-------++-------
Melee: Hand axe          |   115 |    86 ||   201
Throw: Boomerang         |       |     7 ||     7
  Use: Scroll            |     2 |     4 ||     6
       Potion            |       |     2 ||     2
 Stab: Sleeping          |     3 |       ||     3
Armor: Robe              |    40 |    23 ||    63
Dodge: Dodged            |    69 |    52 ||   121
